AoeStats
← TheWalker6055

Arabia

509237251Analyzed
2v2 RM · 6d ago on Sep 26, 2026· 39m 38s· 4 players
Game mode
Random Map
Map size
Medium (4 player)
Population
200
Speed
Normal
Resources
Standard
Victory
Conquest
Starting age
Dark Age
Ending age
Imperial Age
RankedLock teamsTeams togetherTeam positionsShared explorationLock speedFull tech treeHidden civsTurbo modeCheats
Victory
Defeat
🇮🇳 Celts · India
909
+14
🇦🇷 Khmer · Argentina
907
+14
🇺🇸 Muisca · United States
870
-14
🇺🇸 Poles · United States
864
-14
CuerVoArG!!!
1:53 Loom
9:46 Feudal Age
12:33 Forging
13:17 Horse Collar
15:35 Double-Bit Axe
19:23 Castle Age
21:27 Bow Saw
26:50 Heavy Plow
36:10 Imperial Age
35:32 Light Cavalry
TheWalker6055
0:27 Loom
12:01 Feudal Age
12:27 Double-Bit Axe
13:24 Wheelbarrow
12:34 Town Watch
13:32 Gold Mining
15:40 Horse Collar
16:33 Man-at-Arms
19:41 Forging
19:32 Scale Mail Armor
23:38 Castle Age
22:25 Scale Mail Armor
22:16 Fletching
22:26 Padded Archer Armor
22:36 Town Watch
22:58 Scale Barding Armor
24:32 Long Swordsman
26:35 Husbandry
28:06 Heavy Plow
29:42 Gold Shaft Mining
29:00 Stone Mining
29:41 Bow Saw
33:10 Hand Cart
32:53 Stronghold
38:29 Imperial Age
37:21 Ballistics
38:57 Stone Shaft Mining
39:23 Cavalier
Gen
11:39 Feudal Age
15:32 Castle Age
13:26 Double-Bit Axe
14:06 Horse Collar
16:51 Wheelbarrow
17:44 Herbal Medicine
20:36 Heavy Plow
33:27 Redemption
38:32 Town Watch
42:40 Imperial Age
LXXIII
10:24 Feudal Age
12:50 Scale Barding Armor
13:27 Horse Collar
14:09 Double-Bit Axe
15:49 Bloodlines
17:39 Forging
24:09 Castle Age
25:28 Stone Mining
25:40 Heavy Plow
26:09 Husbandry
25:31 Light Cavalry
27:12 Gold Mining
27:57 Stone Shaft Mining
27:54 Bow Saw
32:19 Iron Casting
31:46 Scale Mail Armor
33:52 Squires
36:22 Ballistics
37:00 Squires
36:45 Arson
Connection lost

Rejoining the realm…

Still unreachable

The connection could not be restored.

Session expired

The server has moved on; the page needs a fresh start.